 Dungeon Crawl Stone Soup version 0.27-a0-1081-ge8a0a9c698 (webtiles) character file.

Game seed: 10120877468315603291

1274 sanka the Changer (level 8, -1/63 HPs)
             Began as a Palentonga Transmuter on Apr 25, 2021.
             Succumbed to a water moccasin's poison
             ... on level 7 of the Dungeon.
             The game lasted 00:11:08 (7528 turns).

sanka the Changer (Palentonga Transmuter)           Turns: 7528, Time: 00:11:09

Health: -1/63      AC: 13    Str: 16    XL:     8   Next: 28%
Magic:  11/11      EV:  9    Int: 13    God:
Gold:   350        SH:  0    Dex: 17    Spells: 5/11 levels left

rFire    . . .     SeeInvis +     - Unarmed
rCold    . . .     Faith    .   (no shield)
rNeg     . . .     Spirit   .   x - +0 steam dragon scales
rPois    .         Reflect  .   (no helmet)
rElec    .         Harm     .   (no cloak)
rCorr    .         Rampage  .   (no gloves)
Will     .....                  r - +0 barding
Stlth    ++........             (no amulet)
HPRegen  0.20/turn              o - +6 ring of dexterity
MPRegen  0.12/turn              q - +4 ring of protection

@: lethally poisoned (-1 -> -8), on berserk cooldown, attractive, flying, hasted
and slowed
A: large, rugged brown scales 3, see invisible, deformed body, roll 1, armoured
tail, reflexive curl
a: Rolling Charge


You were on level 7 of the Dungeon.
You visited 1 branch of the dungeon, and saw 7 of its levels.

You collected 350 gold pieces.


Innate Abilities, Weirdness & Mutations

You are completely covered in rugged brown scales. (AC +3, +7% HP)
You have supernaturally acute eyesight. (SInv)
Armour fits poorly on your strangely shaped body.
You can roll at nearby foes to attack.
You have a long armoured tail.
You curl defensively after being hit.


   Skills:
 - Level 3.6 Fighting
 - Level 3.2 Dodging
 - Level 6.1 Unarmed Combat
 - Level 2.0 Spellcasting
 + Level 6.4 Transmutations
 - Level 2.0 Poison Magic


You had 5 spell levels left.
You knew the following spells:

 Your Spells              Type           Power      Damage    Failure   Level
x - Beastly Appendage     Tmut           36%        N/A       1%          1
y - Wereblood             Tmut           18%        N/A       2%          2
z - Spider Form           Tmut/Pois      6%         N/A       14%         3

Your spell library contained the following spells:

 Spells                   Type           Power      Damage    Failure   Level
 Magic Dart               Conj           4%         1d3       26%         1
 Summon Small Mammal      Summ           4%         N/A       26%         1
 Blink                    Tloc           N/A        N/A       36%         2
 Call Imp                 Summ           1%         N/A       36%         2
 Slow                     Hex            1%         N/A       36%         2
 Hydra Form               Tmut           9%         N/A       45%         5
 Mephitic Cloud           Conj/Pois/Air  3%         N/A       52%         3
 Ice Form                 Ice/Tmut       9%         N/A       56%         4
 Call Canine Familiar     Summ           1%         N/A       58%         3
 Conjure Flame            Conj/Fire      1%         6-21      58%         3
 Summon Guardian Golem    Hex/Summ       1%         N/A       58%         3
 Summon Ice Beast         Ice/Summ       1%         N/A       94%         4
 Summon Lightning Spire   Summ/Air       1%         N/A       94%         4

Inventory:

Hand Weapons
 c - a +2 dagger of venom
Armour
 r - a +0 barding (worn)
 x - +0 steam dragon scales (worn)
Jewellery
 l - a ring of wizardry
 o - a +6 ring of dexterity (left hand)
 q - a +4 ring of protection (right hand)
Wands
 d - a wand of digging (5)
 h - a wand of paralysis (9)
 t - a wand of polymorph (6)
Scrolls
 b - 5 scrolls of identify {unknown}
 g - a scroll of acquirement {unknown}
 i - 2 scrolls of teleportation {unknown}
 j - a scroll of fear {unknown}
 n - 3 scrolls of amnesia {unknown}
 s - a scroll of brand weapon {unknown}
 u - a scroll of immolation {unknown}
 v - a scroll of blinking {unknown}
Potions
 f - 2 potions of haste {@q3}
 k - a potion of attraction {!q}
 m - a potion of heal wounds {unknown}
 w - a potion of flight

Dungeon Overview and Level Annotations

Branches:
Dungeon (7/15)
 Temple: D:4-7

Altars:

Shops:
D:5

[ ..▒▒................
...........▒▒▒▒▒▒▒▒.
..@.........▒▒
...▒▒▒▒▒.....▒▒
▒▒▒▒▒▒▒▒▒..[[.▒▒ ▒
▒▒▒...▒▒▒....▒▒▒
......[.......>▒▒ ▒
.......)<.....).▒▒ .▒
..............H..▒▒.▒▒
▒...........▒........▒
▒..........▒▒▒.......▒
▒▒.........▒.....▒†.....▒
▒▒▒▒▒.....▒.....▒...!..▒
▒.....▒▒...▒▒.......
▒......▒...▒ .......
▒▒.▒▒ ....... ▒. ..▒▒▒[▒


There were no monsters in sight!


Message History

You feel very sick.
It was a potion of flight.
You feel very buoyant.
You fly up into the air.
* * * LOW HITPOINT WARNING * * *
You feel sick.
It was a potion of berserk rage.
A red film seems to cover your vision as you go berserk!
You feel yourself moving faster!
You feel mighty!
* * * LOW HITPOINT WARNING * * *
You feel sick.
You are too berserk!
You feel a strong urge to attack something.
* * * LOW HITPOINT WARNING * * *
You feel sick.
Your transformation has ended.
* * * LOW HITPOINT WARNING * * *
You feel sick.
Unknown command.
You feel your anger nearly subside.
You are no longer berserk.
You are exhausted.
You feel yourself slow down.
* * * LOW HITPOINT WARNING * * *
You feel sick.
Unknown command.
It was a potion of magic.
Magic courses through your body.
You die...

Action                   |  1- 3 |  4- 6 |  7- 9 || total
-------------------------+-------+-------+-------++-------
Melee: Unarmed           |    81 |   109 |    81 ||   271
       Headbutt          |     9 |    14 |     1 ||    24
       Tailslap          |     3 |     8 |     1 ||    12
       Kick              |     8 |    21 |     1 ||    30
       Punch             |       |     1 |       ||     1
 Cast: Beastly Appendage |    26 |    27 |     1 ||    54
       Spider Form       |       |     4 |     9 ||    13
Evoke: Wand              |       |     1 |     1 ||     2
  Use: Potion            |       |       |     5 ||     5
 Stab: Sleeping          |     1 |     2 |       ||     3
       Paralysed         |       |     6 |     3 ||     9
Armor: Robe              |    24 |    25 |       ||    49
       Skin              |       |       |     3 ||     3
Dodge: Dodged            |    43 |    39 |    44 ||   126

Levels and vault maps discovered:
D:1:      co_arrival_square_in_a_square_in_a_square, layout_rooms,
          serial_curves, eino_curves_02, eino_curves_01, st_stairs_4
D:2:      cheibrodos_greedy_goblins, layout_basic,
          hellmonk_ecumenical_altar_pennies_from_heaven, grunt_ministairs_6,
          minmay_misc_feat_tower, minmay_crystal_water,
          minmay_misc_feat_hallway, uniq_jessica
D:3:      minmay_angry_zag, layout_loops_ring
D:4:      layout_basic
D:5:      layout_loops_cross, serial_shops,
          nicolae_shop_temple_entry_statues_fountains, minivault_4
D:6:      layout_cave_pods
D:7:      layout_cave_pods, nicolae_ashenzari_panopticon,
          minmay_temple_entry_tees, uniq_maggie

Notes
Turn   | Place    | Note
-------+----------+-------------------------------------------
     0 | D:1      | sanka the Palentonga Transmuter began the quest for the
                  | Orb.
     0 | D:1      | Reached XP level 1. HP: 16/16 MP: 3/3
   420 | D:1      | Reached XP level 2. HP: 22/22 MP: 3/5
   423 | D:1      | Learned a level 2 spell: Wereblood
   567 | D:1      | Reached skill level 4 in Unarmed Combat
  1115 | D:2      | Noticed Jessica
  1126 | D:2      | Killed Jessica
  1127 | D:2      | Reached XP level 3. HP: 10/27 MP: 4/6
  1314 | D:2      | Found a faded altar of an unknown god.
  1348 | D:2      | Learned a level 3 spell: Spider Form
  2031 | D:2      | Reached XP level 4. HP: 23/34 MP: 5/7
  2426 | D:5      | Entered Level 5 of the Dungeon
  2426 | D:5      | Noticed an ogre
  2427 | D:5      | Noticed a water moccasin
  3196 | D:3      | Reached skill level 5 in Unarmed Combat
  3196 | D:3      | Reached skill level 1 in Poison Magic
  3196 | D:3      | Reached XP level 5. HP: 29/39 MP: 6/8
  3525 | D:3      | Reached skill level 3 in Transmutations
  4620 | D:4      | Killed a water moccasin
  4621 | D:4      | Reached skill level 4 in Transmutations
  4621 | D:4      | Reached skill level 2 in Poison Magic
  4621 | D:4      | Reached XP level 6. HP: 36/46 MP: 5/9
  4690 | D:5      | Noticed a sky beast
  4695 | D:5      | Reached skill level 5 in Transmutations
  4716 | D:5      | Killed a sky beast
  4978 | D:5      | Found Itetozxu's Antique Armour Shop.
  5124 | D:5      | Gained mutation: You curl defensively after being hit.
                  | [Palentonga growth]
  5124 | D:5      | Reached XP level 7. HP: 44/51 MP: 8/10
  5254 | D:5      | Reached skill level 2 in Dodging
  5923 | D:6      | Reached skill level 2 in Fighting
  6026 | D:6      | Reached skill level 6 in Transmutations
  6871 | D:6      | Identified the +9 hand axe of Drought {vorpal, rPois rCorr
                  | Str+3}
  7152 | D:7      | Identified +0 steam dragon scales
  7152 | D:7      | Noticed Maggie
  7186 | D:7      | HP: 4/54 [Maggie/+2 halberd of flaming (14)]
  7191 | D:7      | Killed Maggie
  7192 | D:7      | Reached skill level 3 in Fighting
  7192 | D:7      | Reached skill level 3 in Dodging
  7192 | D:7      | Reached skill level 6 in Unarmed Combat
  7192 | D:7      | Reached XP level 8. HP: 4/63 MP: 8/11
  7523 | D:7      | HP: 5/63 [poisoned by a water moccasin]
  7527 | D:7      | HP: 1/63 [poisoned by a water moccasin]
  7528 | D:7      | Succumbed to a water moccasin's poison

Vanquished Creatures
  Maggie (D:7)
  2 water moccasins
  A sky beast (D:5)
  2 ogres
  2 water moccasin zombies
  A water moccasin skeleton (D:6)
  A centaur skeleton (D:3)
  A bullfrog zombie (D:6)
  An orc priest (D:5)
  Jessica (D:2)
  3 orc wizards (D:5)
  A hound zombie (D:5)
  A howler monkey zombie (D:6)
  5 adders
  An ufetubus (D:5)
  2 worms
  4 dart slugs
  7 orcs
  6 ball pythons
  3 endoplasms
  3 giant cockroaches
  14 goblins
  11 hobgoblins
  2 jackals (D:3)
  3 kobolds
  7 quokkas
  6 bats
  2 frilled lizards (D:3)
  2 rats
96 creatures vanquished.
